[Event "Late-Titled-Tuesday-Blitz-June-04-2024"]
[Site "Chess.com"]
[Date "2024.06.04"]
[Round "6"]
[White "urano56"]
[Black "Bala-Afiada"]
[Result "0-1"]
[WhiteElo "2441"]
[BlackElo "2073"]
[TimeControl "180+1"]
[EndTime "15:05:41 PDT"]
[Termination "Bala-Afiada won by checkmate"]

1. d4 Nf6 2. c4 e6 3. Nc3 d5 4. e3 c6 5. Nf3 Be7 6. Qc2 O-O 7. Bd2 Nbd7 8. Rc1 Re8 9. Bd3 Bd6 10.
O-O dxc4 11. Bxc4 e5 12. Ng5 Rf8 13. f4 exd4 14. exd4 b5 15. Bb3 Nb6 16. Nce4 Bf5 17. Rce1 Nxe4 18. Nxe4 Qd7 19. Rf3 Rae8 20. Rfe3 Nd5 21.
R3e2 Nxf4 22. Bxf4 Bxf4 23. Qc3 Bxe4 24. Rxe4 Bc7 25. Qf3 Rxe4 26. Rxe4 Qd6 27. g3 Bb6 28. Kg2 Bxd4 29. Qd3 c5 30. Qxb5 Qf6 31. Qe2 g6 32. Rf4 Qc6+ 33. Kh3 Qd7+ 34. Kg2 Qc6+ 35. Kf1 Qh1# 0-1

[Event "Late-Titled-Tuesday-Blitz-June-04-2024"]
[Site "Chess.com"]
[Date "2024.06.04"]
[Round "6"]
[White "mostafa_sakha"]
[Black "kalxandria"]
[Result "1-0"]
[WhiteElo "2397"]
[BlackElo "2228"]
[TimeControl "180+1"]
[EndTime "15:05:42 PDT"]
[Termination "mostafa_sakha won by resignation"]

1. d4 Nf6 2. c4 e6 3. Nc3 d5 4.
cxd5 exd5 5. Bg5 c6 6. e3 Nbd7 7. Bd3 Be7 8. Nge2 Nf8 9. Qc2 Ne6 10. Bh4 Nh5 11. Bxe7 Qxe7 12. O-O-O g6 13. g4 Nhg7 14.
f4 Bd7 15. Ng3 O-O-O 16. Rhe1 Kb8 17. f5 Ng5 18. e4 Nf3 19. Rf1 Qg5+ 20. Kb1 Nxd4 21.
Qf2 c5 22. Nxd5 Bc6 23. Bc4 Qxg4 24. Rxd4 cxd4 25. Qxd4 Bxd5 26. Bxd5 gxf5 27. Qe5+ Ka8 28. Rc1 fxe4 29. Nxe4 Rxd5 30. Qxd5 Qe6 31. Qd4 Re8 32. Nd6 Rd8 33. Qxg7 Qxd6 34. Qxh7 Qd3+ 35. Qxd3 Rb8 36. Qc3 1-0

[Event "Late-Titled-Tuesday-Blitz-June-04-2024"]
[Site "Chess.com"]
[Date "2024.06.04"]
[Round "6"]
[White "MiguelBestard1981"]
[Black "emeli_chess"]
[Result "0-1"]
[WhiteElo "2194"]
[BlackElo "2359"]
[TimeControl "180+1"]
[EndTime "15:05:44 PDT"]
[Termination "emeli_chess won on time"]

1. d4 Nf6 2. Bf4 d5 3. e3 c5 4. c3 Nc6 5. Nd2 cxd4 6. exd4 Bf5 7. Ngf3 e6 8. Qb3 Qc8 9. Ne5 Be7 10. Ndf3 O-O 11.
h3 Nxe5 12. Nxe5 Nd7 13. Be2 Nxe5 14. Bxe5 a6 15. O-O Qd7 16. Qb6 Rfc8 17. a4 Rc6 18.
Qb3 Bd6 19. f4 f6 20. Bxd6 Qxd6 21. Qa3 Rac8 22. Qxd6 Rxd6 23. a5 Rd7 24. Kf2 Re7 25.
Ke3 Bg6 26. Ra4 e5 27. fxe5 fxe5 28. Bf3 e4 29. Bg4 Rcc7 30. Rb4 h5 31. Be2 Rf7 32.
Rxf7 Bxf7 33. Rb6 g5 34. Rd6 Kg7 35. Bd1 Kf8 36. Bb3 Ke7 37. Rh6 h4 38. Rh7 Rd7 39.
Ba4 Rd6 40. Bd1 Rf6 41. Be2 Kd6 42. Rh8 Kc7 0-1

[Event "Late-Titled-Tuesday-Blitz-June-04-2024"]
[Site "Chess.com"]
[Date "2024.06.04"]
[Round "6"]
[White "Supelyel"]
[Black "SoCalJuniorChess"]
[Result "0-1"]
[WhiteElo "2416"]
[BlackElo "2220"]
[TimeControl "180+1"]
[EndTime "15:05:46 PDT"]
[Termination "SoCalJuniorChess won by resignation"]

1. c4 Nf6 2. g3 c5 3. Bg2 Nc6 4. Nc3 g6 5. Nf3 Bg7 6. O-O O-O 7. d3 d6 8. Bg5 h6 9. Bxf6 Bxf6 10. Qd2 Bg7 11.
Rab1 Kh7 12. a3 Nd4 13. b4 Rb8 14. Rfc1 Bg4 15. Nxd4 Bxd4 16. bxc5 Bxc5 17. Bxb7 Bxa3 18. Rd1 Qa5 19. Nd5 Qxd2 20. Rxd2 Bc8 21. Ra2 Bc5 22.
Rab2 e6 23. Nf6+ Kg7 24. Ne4 Bd4 25. Rb3 d5 26. cxd5 Bxb7 27. Rxb7 Rxb7 28. Rxb7 exd5 29. Nd6 Bb6 30. e3 Kf6 31. Nb5 Ra8 32. d4 h5 33.
Kf1 g5 34. Ke2 g4 35. Kd3 h4 36. gxh4 Rh8 37. Nxa7 Bxa7 38. Rxa7 Rxh4 39. Ra6+ Kf5 40. Rd6 Rxh2 41. Rxd5+ Kg6 42. Ke2 g3 43. Re5 g2 44.
Re8 Kg7 0-1

[Event "Late-Titled-Tuesday-Blitz-June-04-2024"]
[Site "Chess.com"]
[Date "2024.06.04"]
[Round "6"]
[White "artin10862"]
[Black "Sl4werThanYou"]
[Result "1-0"]
[WhiteElo "2958"]
[BlackElo "2748"]
[TimeControl "180+1"]
[EndTime "15:05:49 PDT"]
[Termination "artin10862 won by checkmate"]

1. c4 e6 2. Nc3 d5 3. d4 Nf6 4.
Nf3 c5 5. e3 Nc6 6. a3 dxc4 7.
Bxc4 Be7 8. O-O O-O 9. dxc5 Qxd1 10. Rxd1 Bxc5 11. b4 Be7 12. Bb2 b6 13. Rac1 Bb7 14.
Be2 Rac8 15. Nb5 Rfd8 16. Rxd8+ Rxd8 17. h3 Kf8 18. Nfd4 Nxd4 19. Bxd4 a6 20. Rc7 axb5 21. Rxb7 Nd5 22. Bxb5 Ra8 23. Bc6 Rc8 24. Bxd5 exd5 25. Bxb6 Rc1+ 26. Kh2 f6 27. g3 Rc2 28. Kg2 Ra2 29.
Ra7 h5 30. h4 Ke8 31. Bc5 Bxc5 32. bxc5 Rc2 33. Rxg7 Rxc5 34. Rh7 d4 35. exd4 Ra5 36. Rc7 Rxa3 37. Rc5 Ra4 38. Rxh5 Rxd4 39. Rh7 Kf8 40. Rb7 Ra4 41. Kf3 Rc4 42. h5 Kg8 43. h6 Kh8 44. Rf7 Rc6 45. Kg4 Kg8 46. Rb7 Rc5 47.
f4 Ra5 48. Rg7+ Kh8 49. Rf7 Ra6 50. Kf5 Ra3 51. g4 Ra5+ 52. Kg6 Ra8 53. Rxf6 Rg8+ 54. Kh5 Rd8 55. g5 Kg8 56. g6 Rd5+ 57. f5 Rd8 58. g7 Kh7 59. Rf8 Rxf8 60. gxf8=N+ Kg8 61. Ne6 Kh7 62. Kg5 Kg8 63. Kg6 Kh8 64. Ng5 Kg8 65.
Ne6 Kh8 66. f6 Kg8 67. f7+ Kh8 68. f8=Q# 1-0

[Event "Late-Titled-Tuesday-Blitz-June-04-2024"]
[Site "Chess.com"]
[Date "2024.06.04"]
[Round "6"]
[White "Kapitan_Bayan"]
[Black "betta2004"]
[Result "1-0"]
[WhiteElo "2392"]
[BlackElo "2550"]
[TimeControl "180+1"]
[EndTime "15:05:51 PDT"]
[Termination "Kapitan_Bayan won on time"]

1. e4 e6 2. d4 d5 3. Nc3 Nf6 4. e5 Nfd7 5. f4 c5 6. Nf3 Nc6 7. Be3 Qb6 8. Na4 Qa5+ 9. c3 c4 10. b4 cxb3 11. axb3 b5 12. Nc5 Qxc3+ 13. Bd2 Qb2 14.
Nd3 Qxa1 15. Qxa1 a5 16. Be2 a4 17. bxa4 Rxa4 18. Qb2 b4 19. O-O Nb6 20. Nc5 Bxc5 21.
dxc5 Nc4 22. Bxc4 dxc4 23. Rc1 Ba6 24. Nd4 c3 25. Bxc3 bxc3 26. Rxc3 Rxd4 27. Qb6 Rd1+ 28. Kf2 Rd2+ 29. Kg3 O-O 30. Qxc6 Bf1 31. Qf3 Rxg2+ 32. Qxg2 Bxg2 33. Kxg2 Rc8 34. Kf3 Kf8 35. Ke4 Ke7 36. Kd4 Rd8+ 37. Kc4 Rb8 38. Ra3 Rb7 39. c6 1-0

[Event "Late-Titled-Tuesday-Blitz-June-04-2024"]
[Site "Chess.com"]
[Date "2024.06.04"]
[Round "6"]
[White "denizozen"]
[Black "baki83"]
[Result "1/2-1/2"]
[WhiteElo "2945"]
[BlackElo "2925"]
[TimeControl "180+1"]
[EndTime "15:05:52 PDT"]
[Termination "Game drawn by repetition"]

1. e4 c5 2. Nf3 d6 3. Bb5+ Nd7 4.
O-O a6 5. Bd3 g6 6. c3 Bg7 7.
Bc2 e5 8. d4 Ngf6 9. dxe5 dxe5 10.
Qd6 Qe7 11. Qxe7+ Kxe7 12. a4 b6 13. Be3 Bb7 14. Nbd2 b5 15. h3 h6 16. Ra2 Rhc8 17.
axb5 axb5 18. Rfa1 Rxa2 19. Rxa2 Ra8 20. Rxa8 Bxa8 21.
Ne1 Ne8 22. Nd3 Kd6 23. b4 c4 24. Nc5 Nxc5 25. Bxc5+ Ke6 26. Bd1 h5 27. Be3 Nd6 28. Bc2 f5 29. f3 Bf6 30. Kf1 Bh4 31. Ke2 Bc6 32. Bc5 Ne8 33. Be3 Nf6 34. Kf1 f4 35.
Bc5 g5 36. Bd1 Bd7 37. Be2 Kf7 38. Bd1 Bg3 39. Be2 Ne8 40. Ba7 Be6 41. Bb8 Kf6 42.
Ba7 Nd6 43. Bc5 Nf7 44. Bb6 Nh8 45. Bd8+ Kg6 46. Bb6 Nf7 47. Bc5 Kf6 48. Bb6 Bh4 49. Bc5 Bg3 1/2-1/2

[Event "Late-Titled-Tuesday-Blitz-June-04-2024"]
[Site "Chess.com"]
[Date "2024.06.04"]
[Round "6"]
[White "mac0504"]
[Black "shimastream"]
[Result "1-0"]
[WhiteElo "2777"]
[BlackElo "2982"]
[TimeControl "180+1"]
[EndTime "15:05:52 PDT"]
[Termination "mac0504 won on time"]

1. c4 e5 2. Nc3 Bb4 3. Nd5 Be7 4. d4 d6 5. Nxe7 Qxe7 6. Nf3 e4 7. Nd2 Nf6 8. e3 h5 9. Be2 c6 10. b4 h4 11. h3 Bf5 12. Qb3 Nbd7 13. b5 O-O 14. Ba3 c5 15. O-O Rfe8 16. Qb2 Nf8 17. dxc5 dxc5 18. Nb3 b6 19. Rad1 N8h7 20.
Rd2 Ng5 21. Rfd1 Qc7 22. Rd6 Re6 23. Qd2 Rae8 24. Bb2 Qe7 25. Rxe6 fxe6 26. Qd6 Qf7 27. Qf4 Qg6 28. Qxh4 Nxh3+ 29. Kf1 Ng5 30. g4 Nf3 31. Bxf3 exf3 32. gxf5 Qg2+ 33. Ke1 Qg1+ 34. Kd2 Rd8+ 35. Nd4 Qg2 36. fxe6 cxd4 37. Bxd4 1-0

[Event "Late-Titled-Tuesday-Blitz-June-04-2024"]
[Site "Chess.com"]
[Date "2024.06.04"]
[Round "6"]
[White "eljanov"]
[Black "Shankland"]
[Result "1-0"]
[WhiteElo "2937"]
[BlackElo "2967"]
[TimeControl "180+1"]
[EndTime "15:05:53 PDT"]
[Termination "eljanov won by checkmate"]

1. d4 d5 2. Bf4 c5 3. e3 Nc6 4. c3 Bf5 5. Nd2 e6 6. Ngf3 Nf6 7. Nh4 Bg4 8. Qb3 Qb6 9. h3 Bh5 10.
g4 Bg6 11. Nxg6 hxg6 12. Be2 Be7 13. h4 Nd7 14. h5 O-O-O 15. O-O-O gxh5 16. gxh5 Qa5 17.
Bb5 c4 18. Qa4 Qxa4 19. Bxa4 Nf6 20. Bxc6 bxc6 21. Bg5 Kd7 22. Nf3 Ng8 23. Rdg1 Bxg5 24. Rxg5 g6 25. Ne5+ Ke8 26. Rhg1 Ne7 27. hxg6 f6 28.
Nf7 Rh2 29. Nxd8 fxg5 30. Nxe6 Nxg6 31. Rxg5 Ne7 32. f4 Rh1+ 33. Kd2 Rh2+ 34. Kd1 Rxb2 35. f5 Kf7 36. e4 dxe4 37. Rh5 e3 38. Ng5+ Kf6 39.
Ne4+ Kf7 40. Rh7+ Kf8 41. f6 Nd5 42. Ng5 Nf4 43. Rh8# 1-0

[Event "Late-Titled-Tuesday-Blitz-June-04-2024"]
[Site "Chess.com"]
[Date "2024.06.04"]
[Round "6"]
[White "Oleksandr_Bortnyk"]
[Black "Mops_2004"]
[Result "1-0"]
[WhiteElo "3039"]
[BlackElo "2801"]
[TimeControl "180+1"]
[EndTime "15:05:53 PDT"]
[Termination "Oleksandr_Bortnyk won by resignation"]

1. d4 g6 2. h4 Nf6 3. Nc3 d6 4. e4 a6 5. h5 gxh5 6. Be2 Bg7 7. Bg5 Nc6 8. d5 Ne5 9. Bxh5 c6 10. f4 Nc4 11. Qe2 Nxb2 12. e5 dxe5 13. fxe5 Nxd5 14. Ne4 Bxe5 15. Nf3 Nd3+ 16. cxd3 Bxa1 17. O-O Qb6+ 18.
Kh1 Bg7 19. Nd6+ Kd7 20. Nxf7 Rf8 21. Qe4 Qb4 22. Qxh7 Bf6 23. Bh6 Rxf7 24. Bxf7 Kc7 25.
Bxd5 cxd5 26. Bd2 Qg4 27. Qh2+ Kd8 28. Ne5 Qg7 29. Bh6 Qg8 30. Rb1 Qe6 31. Bf4 b5 32. Rc1 Bb7 33. Re1 Rc8 34. Qh5 Qg8 35. Nf7+ Kd7 36.
Qf5+ Ke8 37. Nd6+ Kd8 38. Nxb7+ 1-0

[Event "Late-Titled-Tuesday-Blitz-June-04-2024"]
[Site "Chess.com"]
[Date "2024.06.04"]
[Round "6"]
[White "Mackster23"]
[Black "Arash_Tahbaz"]
[Result "0-1"]
[WhiteElo "2674"]
[BlackElo "2832"]
[TimeControl "180+1"]
[EndTime "15:05:53 PDT"]
[Termination "Arash_Tahbaz won by checkmate"]

1. e4 g6 2. d4 Bg7 3. Nc3 d6 4.
Be3 Nf6 5. Qd2 Nc6 6. f3 O-O 7. O-O-O a6 8. g4 e5 9. Nge2 exd4 10. Nxd4 Nxd4 11. Bxd4 Be6 12. Kb1 b5 13. h4 c5 14.
Be3 b4 15. Nd5 Bxd5 16. exd5 Re8 17. h5 Nd7 18. Bh6 Bh8 19. hxg6 hxg6 20. Bg5 Bf6 21. Qh2 Kf8 22. Qxd6+ Qe7 23. Bxf6 Nxf6 24. Qf4 Qe5 25. Qh6+ Ke7 26. d6+ Kd8 27. Bc4 Ra7 28. Qd2 Rd7 29.
Bxa6 Re6 30. Rh8+ Ne8 31. Qh2 Rexd6 32. Rf1 Rd1+ 33. Rxd1 Rxd1# 0-1

[Event "Late-Titled-Tuesday-Blitz-June-04-2024"]
[Site "Chess.com"]
[Date "2024.06.04"]
[Round "6"]
[White "N_Mullodzhanov"]
[Black "ansko1999"]
[Result "1/2-1/2"]
[WhiteElo "2519"]
[BlackElo "2635"]
[TimeControl "180+1"]
[EndTime "15:05:53 PDT"]
[Termination "Game drawn by stalemate"]

1. e4 c5 2. c3 Nf6 3. e5 Nd5 4. Nf3 Nc6 5. Bc4 Nb6 6. Bb3 d6 7. exd6 Qxd6 8. O-O Be6 9. Bxe6 Qxe6 10. a4 Nd7 11. a5 a6 12. d4 cxd4 13. Nxd4 Qd5 14. Qb3 Qxb3 15. Nxb3 e5 16. Be3 Rc8 17. N1d2 Be7 18. f4 O-O 19. Nc4 exf4 20. Rxf4 Bg5 21. Rf3 Bxe3+ 22. Rxe3 Nb4 23. Nd6 Nc2 24. Nxc8 Rxc8 25.
Rd1 Nxe3 26. Rxd7 Nc4 27. Rxb7 Nxb2 28. Nd4 Nc4 29. Nc6 Kf8 30. Rb8 Rxb8 31. Nxb8 Nxa5 32. Nxa6 Ke7 33. Kf2 Kd6 34. Ke3 Nc4+ 35. Kd4 Ne5 36. c4 Nc6+ 37. Ke4 g6 38. c5+ Kd7 39. Kd5 f5 40. Kc4 g5 41. Nb4 Nxb4 42. Kxb4 Kc6 43.
Kc4 h5 44. Kd4 h4 45. h3 g4 46. Ke5 gxh3 47. gxh3 f4 48. Kxf4 Kxc5 49. Kg5 Kd6 50. Kxh4 Ke7 51. Kg5 Kf8 52. h4 Kg8 53. h5 Kh8 54.
Kg6 Kg8 55. Kh6 Kh8 56. Kg6 Kg8 57. h6 Kh8 58. h7 1/2-1/2

[Event "Late-Titled-Tuesday-Blitz-June-04-2024"]
[Site "Chess.com"]
[Date "2024.06.04"]
[Round "6"]
[White "Attacker_2006"]
[Black "shirovin"]
[Result "1-0"]
[WhiteElo "2493"]
[BlackElo "2087"]
[TimeControl "180+1"]
[EndTime "15:05:55 PDT"]
[Termination "Attacker_2006 won on time"]

1. e4 c5 2. Nf3 d6 3. Bb5+ Nd7 4.
c3 a6 5. Ba4 b5 6. Bc2 Bb7 7. d4 cxd4 8. cxd4 e6 9. O-O Be7 10. a3 Ngf6 11. Re1 O-O 12. Nbd2 Rc8 13. Nf1 Qc7 14. Bd3 d5 15. e5 Ne4 16. Ng3 Nxg3 17. hxg3 Nb6 18. Bf4 Nc4 19. Bb1 Nxb2 20. Qe2 Nc4 21. Qd3 g6 22. Bh6 Rfd8 23. a4 b4 24. Nh4 Nb6 25. Qf3 Qc3 26. Bd3 b3 27. Rec1 Qb4 28. Rxc8 Rxc8 29. Rb1 b2 30. Kh2 Rc3 31.
Bd2 Nxa4 32. Qe2 Qb3 33. Bxa6 Bxa6 34. Qxa6 Rc2 35. Qa8+ Kg7 36. Bf4 Nc3 37. Qe8 Nxb1 38. Qxe7 Nc3 39. Qf6+ Kg8 40. Qd8+ Kg7 41. Qf6+ Kg8 42.
Bh6 1-0

[Event "Late-Titled-Tuesday-Blitz-June-04-2024"]
[Site "Chess.com"]
[Date "2024.06.04"]
[Round "6"]
[White "ahkashefi2800"]
[Black "TheoSlade"]
[Result "0-1"]
[WhiteElo "2562"]
[BlackElo "2469"]
[TimeControl "180+1"]
[EndTime "15:05:57 PDT"]
[Termination "TheoSlade won on time"]

1. d4 d5 2. c4 e6 3. cxd5 exd5 4.
Nc3 c6 5. Qc2 Nf6 6. Bg5 Be7 7.
e3 O-O 8. Bd3 Nbd7 9. Nge2 h6 10.
Bf4 Nh5 11. O-O Nxf4 12. Nxf4 Nf6 13. a3 Bd6 14. Rfe1 Re8 15. b4 Qc7 16. g3 a6 17.
Rac1 Bg4 18. Ncxd5 Nxd5 19. Nxd5 Qd8 20. Nc3 Qd7 21.
Na4 Rad8 22. Nc5 Qc8 23. a4 h5 24. a5 h4 25. Be2 Bxe2 26. Qxe2 Bb8 27. Qf3 Rd5 28.
Nd3 Qh3 29. Qg2 Qg4 30. Nf4 Bxf4 31. gxf4 Qd7 32. Kh1 Rd6 33. Rc5 Rg6 34. Rg5 Rxg5 35. Qxg5 h3 36. Rg1 f6 37. Qh5 Qe6 38. Qf3 Qd6 39.
Qxh3 Qxb4 0-1

[Event "Late-Titled-Tuesday-Blitz-June-04-2024"]
[Site "Chess.com"]
[Date "2024.06.04"]
[Round "6"]
[White "teresin05"]
[Black "Darkbluelord"]
[Result "1-0"]
[WhiteElo "2322"]
[BlackElo "2127"]
[TimeControl "180+1"]
[EndTime "15:05:57 PDT"]
[Termination "teresin05 won by resignation"]

1. e4 c5 2. Nf3 d6 3. d4 cxd4 4. Nxd4 Nf6 5. f3 g6 6. c4 Bg7 7.
Nc3 O-O 8. Be3 Nc6 9. Qd2 Qb6 10. Ne6 Qa5 11. Nxf8 Kxf8 12. Rc1 Be6 13. Be2 Rc8 14. O-O h5 15. Rfd1 h4 16. Nd5 Qd8 17. h3 Kg8 18. Bg5 Nh7 19. Bxh4 Bxd5 20. cxd5 Ne5 21. Bf2 b6 22. Bd4 Rxc1 23. Rxc1 Nf6 24. Ba6 Kh7 25. Bxe5 dxe5 26. Qc3 Qd6 27. Qc7 Qb4 28.
Qxe5 Nh5 29. Qc7 Bd4+ 30. Kh1 Qxb2 31. Qc2 Qb4 32. g4 Nf4 33. Bf1 Qd6 34. Qd2 g5 35. Qxd4 Qh6 36. Rc6 e6 37. Kh2 Qh4 38. dxe6 Qe1 39. Qg1 Qd2+ 40. Bg2 Ne2 41. Qf2 Qf4+ 42.
Kh1 Ng3+ 43. Kg1 Qc1+ 44. Rxc1 1-0

[Event "Late-Titled-Tuesday-Blitz-June-04-2024"]
[Site "Chess.com"]
[Date "2024.06.04"]
[Round "6"]
[White "Szparu"]
[Black "PotapovaM"]
[Result "1-0"]
[WhiteElo "2976"]
[BlackElo "2561"]
[TimeControl "180+1"]
[EndTime "15:05:59 PDT"]
[Termination "Szparu won by checkmate"]

1. Nf3 Nf6 2. d4 d5 3. c4 e6 4. g3 dxc4 5. Bg2 a6 6. Ne5 Bb4+ 7. Nc3 Nd5 8. Bd2 Nb6 9. a3 Be7 10. Bf4 O-O 11. O-O f6 12. Nf3 Nc6 13. e4 Na5 14.
Qc2 Nb3 15. Rad1 Qe8 16. Rfe1 c5 17. Bc7 cxd4 18. Bxb6 dxc3 19. Qxc3 Qc6 20. Be3 e5 21. Nd2 Nxd2 22. Rxd2 Be6 23. Red1 b5 24. Qa5 Rac8 25.
h3 Rc7 26. Kh2 Rd7 27. Bf3 Rfd8 28. Rxd7 Rxd7 29. Rxd7 Bxd7 30. h4 Be6 31. h5 h6 32.
Kg2 Qb7 33. Kh2 Bd7 34. Kg2 Bc6 35. Bg4 Bxe4+ 36. Kh2 f5 37. Bh3 Qc6 38. Qd2 Qd5 39. Qa5 Qc6 40. Qd2 Qd5 41. Qc3 Bd3 42. Qa5 Qd8 43.
Qxa6 f4 44. gxf4 exf4 45. Bxf4 Qd4 46. Qe6+ Kf8 47. Bg3 Qxb2 48. Qc8+ Kf7 49. Be6+ Kf6 50. Bd5 g5 51. Qe6+ Kg7 52. Qf7+ Kh8 53. Qg8# 1-0

[Event "Late-Titled-Tuesday-Blitz-June-04-2024"]
[Site "Chess.com"]
[Date "2024.06.04"]
[Round "6"]
[White "mortngabriel"]
[Black "aghasiyevkamal"]
[Result "0-1"]
[WhiteElo "2489"]
[BlackElo "2613"]
[TimeControl "180+1"]
[EndTime "15:05:59 PDT"]
[Termination "aghasiyevkamal won by resignation"]

1. e4 c5 2. Nf3 d6 3. Bb5+ Bd7 4. Bxd7+ Qxd7 5. c4 Nf6 6. Nc3 Nc6 7. d4 cxd4 8. Nxd4 g6 9. f3 Bg7 10. Be3 O-O 11.
b3 a6 12. Rc1 Nxd4 13. Bxd4 b5 14. Bxf6 Bxf6 15. Nd5 Bg5 16. f4 Bh6 17. O-O Rac8 18. Kh1 Rc6 19. cxb5 Rxc1 20. Qxc1 axb5 21. Qc3 Bg7 22. Qb4 e6 23. Nc3 Bxc3 24. Qxc3 Rc8 25. Qd2 Qc6 26. Re1 Qc5 27. h3 b4 28. Rd1 Rc6 29. Qd4 Qc2 30. Rd2 Qc1+ 31. Kh2 h5 32. Qxb4 h4 33. Qd4 Qe1 34. Qf2 Qxe4 35. Qxh4 d5 36.
Qf6 Rc1 37. Rf2 Qe3 38. Rf3 Qg1+ 39. Kg3 Rc2 40. Rc3 Rxg2+ 41. Kh4 Qf2+ 0-1

[Event "Late-Titled-Tuesday-Blitz-June-04-2024"]
[Site "Chess.com"]
[Date "2024.06.04"]
[Round "6"]
[White "GlavkonVVS"]
[Black "drdaro"]
[Result "1-0"]
[WhiteElo "2546"]
[BlackElo "2381"]
[TimeControl "180+1"]
[EndTime "15:05:59 PDT"]
[Termination "GlavkonVVS won on time"]

1. c4 d6 2. Nc3 g6 3. d4 Bg7 4.
Nf3 Nf6 5. Bg5 O-O 6. e3 c6 7. Be2 Qc7 8. O-O Nbd7 9. h3 e5 10.
Rc1 Re8 11. b4 exd4 12. Nxd4 Nf8 13. Bf4 Rd8 14. c5 Ne8 15. cxd6 Nxd6 16. Ncb5 Qe7 17.
Nxd6 Rxd6 18. Nf5 Bxf5 19. Qxd6 Qh4 20. Rfd1 Ne6 21. Bg3 Qf6 22. b5 Qb2 23. bxc6 bxc6 24. Qxc6 Rf8 25. Bc4 Ng5 26. Bd5 Rc8 27. Qxc8+ Bxc8 28. Rxc8+ Bf8 29. Bd6 Ne6 30. Bxe6 fxe6 31. Rxf8+ Kg7 32.
Rb8 Qxa2 33. Be5+ Kh6 34. Rb7 a5 35. h4 g5 36. hxg5+ Kxg5 37. Rg7+ Kf5 38. Bd4 h5 39. Rc1 h4 40. Rc5+ Ke4 41. Rg4+ Kd3 42. Rxh4 a4 43. Be5 a3 44. Rd4+ Ke2 45. Rdc4 Qb1+ 46. Rc1 Qh7 47.
Ra5 Qe7 48. Ra1 Qb4 49. R1xa3 Qe1+ 50. Kh2 1-0

[Event "Late-Titled-Tuesday-Blitz-June-04-2024"]
[Site "Chess.com"]
[Date "2024.06.04"]
[Round "6"]
[White "Hirna2005"]
[Black "Dexter_Dyke"]
[Result "1-0"]
[WhiteElo "2339"]
[BlackElo "2458"]
[TimeControl "180+1"]
[EndTime "15:05:59 PDT"]
[Termination "Hirna2005 won on time"]

1. e4 c5 2. c3 d5 3. exd5 Qxd5 4. Nf3 Nc6 5. Na3 Bg4 6. Be2 e6 7. O-O Nf6 8. Re1 Be7 9. h3 Bh5 10. Qb3 Qd7 11. Nc4 Bxf3 12. Bxf3 O-O 13. Ne5 Nxe5 14. Rxe5 Rab8 15. a4 Rfd8 16. Qc2 Bd6 17. Re1 e5 18. d3 Bc7 19. Be4 Nxe4 20. dxe4 Qd3 21. Qxd3 Rxd3 22. Be3 b6 23. Red1 Rbd8 24. Rxd3 Rxd3 25. Kf1 Kf8 26. Ke2 Rd7 27. a5 Ke7 28. axb6 Bxb6 29. Rd1 Rxd1 30. Kxd1 g6 31. Ke2 f5 32. Kd3 Kd6 33. exf5 gxf5 34. Kc4 Kc6 35. f3 h5 36. Bf2 a6 37. b4 cxb4 38. Bxb6 Kxb6 39.
cxb4 e4 40. fxe4 fxe4 41. g4 hxg4 42. hxg4 e3 43. Kd3 Kb5 44. g5 Kxb4 45. g6 a5 46. g7 a4 47. g8=Q a3 48. Qc4+ Ka5 49. Qb3 a2 50. Qxa2+ Kb4 51. Kxe3 Kb5 52. Kd4 Kc6 53.
Qa6+ Kd7 54. Ke5 Ke7 55. Qb7+ Kf8 56. Kf6 1-0

[Event "Late-Titled-Tuesday-Blitz-June-04-2024"]
[Site "Chess.com"]
[Date "2024.06.04"]
[Round "6"]
[White "zverr1"]
[Black "ENajer77"]
[Result "0-1"]
[WhiteElo "2614"]
[BlackElo "2862"]
[TimeControl "180+1"]
[EndTime "15:06:01 PDT"]
[Termination "ENajer77 won by checkmate"]

1. e4 e6 2. d4 d5 3. Nc3 Nf6 4. Bg5 Bb4 5. e5 h6 6. Bd2 Bxc3 7. Bxc3 Ne4 8. Bd2 c5 9. Be3 cxd4 10. Bxd4 Nc6 11.
f3 Ng5 12. h4 Nh7 13. c3 f6 14. Bb5 O-O 15. Bxc6 bxc6 16. b4 Ba6 17. Qd2 Qb8 18. Qe3 fxe5 19. Bxe5 Qb5 20. Ne2 Nf6 21. Nd4 Qc4 22.
g4 Nd7 23. Bd6 e5 24. Nf5 Rf6 25. Bc7 Rxf5 26. gxf5 Rf8 27. Rd1 Rxf5 28. Rh2 e4 29. f4 Nf6 30. Rg2 Qf1+ 31. Kd2 Qxg2+ 32. Kc1 Qxa2 33.
Qxa7 Qa1+ 34. Kd2 Qb2+ 35. Ke3 Qe2+ 36. Kd4 Qc4+ 37. Ke3 Qxc3+ 38. Kf2 Qf3+ 39. Kg1 Qxd1+ 40. Kg2 Qf3+ 41. Kg1 Qg3+ 42. Kh1 Qxh4+ 43. Kg1 Qg3+ 44. Kh1 Rh5# 0-1

[Event "Late-Titled-Tuesday-Blitz-June-04-2024"]
[Site "Chess.com"]
[Date "2024.06.04"]
[Round "6"]
[White "Duhless"]
[Black "Kiborg95"]
[Result "1-0"]
[WhiteElo "3112"]
[BlackElo "2911"]
[TimeControl "180+1"]
[EndTime "15:06:03 PDT"]
[Termination "Duhless won by checkmate"]

1. e4 d6 2. d4 Nf6 3. Nc3 e5 4. Nge2 c6 5. a4 Be7 6. g3 Nbd7 7. Bg2 b6 8. O-O a6 9. h3 h5 10. d5 Bb7 11. dxc6 Bxc6 12. b4 O-O 13. a5 b5 14.
Be3 Rc8 15. Rc1 Bb7 16. Nd5 Nxd5 17. exd5 Nf6 18. c4 Rxc4 19. Rxc4 bxc4 20. Nc3 Qd7 21. Qe2 Rc8 22. Rc1 e4 23. Nxe4 Nxd5 24. Bd2 c3 25. Nxc3 Nxc3 26. Rxc3 Rxc3 27. Bxc3 Bxg2 28. Kxg2 Qc6+ 29. Qf3 Qc4 30. Bd2 g6 31. Qb7 Bf6 32. b5 axb5 33. a6 Bd4 34. Qe4 Qc5 35. Bb4 Qa7 36.
Bxd6 Bxf2 37. Qe8+ Kh7 38. Be5 g5 39. Qh8+ Kg6 40.
Qf6+ Kh7 41. Qg7# 1-0

[Event "Late-Titled-Tuesday-Blitz-June-04-2024"]
[Site "Chess.com"]
[Date "2024.06.04"]
[Round "6"]
[White "jaskol95"]
[Black "picturesquecheck"]
[Result "0-1"]
[WhiteElo "2560"]
[BlackElo "2461"]
[TimeControl "180+1"]
[EndTime "15:06:03 PDT"]
[Termination "picturesquecheck won by checkmate"]

1. d4 d6 2. Nc3 g6 3. e4 Bg7 4. Be3 Nf6 5. Qd2 Ng4 6. Bg5 h6 7. Bh4 Nc6 8. Nf3 O-O 9. h3 Nf6 10. Bb5 a6 11. Bxc6 bxc6 12. O-O Nd7 13. Rfe1 Rb8 14.
Rab1 c5 15. dxc5 Nxc5 16. e5 Be6 17. Nd4 dxe5 18. Nf3 Qxd2 19. Nxd2 Rfe8 20. b4 Nd7 21. a4 f5 22. b5 e4 23. Ne2 axb5 24. axb5 Bf7 25.
Bg3 e5 26. Red1 Nb6 27. Nb3 Na4 28. Rd7 Bc4 29. Nec1 f4 30. Bh2 Red8 31. Rxd8+ Rxd8 32. Na2 Bxb5 33. g3 g5 34. h4 c6 35. hxg5 hxg5 36. Kg2 Bc4 37. Nb4 Rd6 38. Na5 Be2 39. Nbxc6 Bf3+ 40. Kf1 e3 41. fxe3 fxe3 42. Ne7+ Kf7 43. Nf5 Rd1+ 44. Rxd1 e2+ 45. Kf2 exd1=Q 46. g4 Qe2+ 47.
Kg3 Qg2# 0-1

[Event "Late-Titled-Tuesday-Blitz-June-04-2024"]
[Site "Chess.com"]
[Date "2024.06.04"]
[Round "6"]
[White "Mariia89"]
[Black "Zampronha1971"]
[Result "0-1"]
[WhiteElo "2235"]
[BlackElo "2409"]
[TimeControl "180+1"]
[EndTime "15:06:04 PDT"]
[Termination "Zampronha1971 won by checkmate"]

1. d4 Nf6 2. Nf3 e6 3. Bg5 c5 4. e3 Qb6 5. Qc1 Ne4 6. Bf4 d5 7. c3 Nc6 8. Bd3 Be7 9. O-O O-O 10. Nbd2 f5 11. Ne5 Nxe5 12. Bxe5 Bd7 13. f3 Nxd2 14.
Qxd2 Rac8 15. Kh1 Bb5 16. Bxb5 Qxb5 17. g4 fxg4 18. f4 Qe8 19. Qg2 Qh5 20. Rg1 cxd4 21. exd4 Bf6 22. Bd6 Rfd8 23. Be5 Bxe5 24. fxe5 b5 25.
Qxg4 Qxg4 26. Rxg4 b4 27. Rag1 g6 28. cxb4 Rc2 29. R1g2 Rdc8 30. Rxc2 Rxc2 31. Rg2 Rc1+ 32. Rg1 Rc4 33. Rd1 Rxb4 34. b3 a5 35. Kg2 a4 36.
Rd3 axb3 37. axb3 Kg7 38. Kf3 g5 39. Kg4 Kg6 40. Kg3 h5 41. h4 gxh4+ 42. Kxh4 Kf5 43.
Kxh5 Ke4 44. Rg3 Kxd4 45. Rg4+ Kc3 46. Rxb4 Kxb4 47. Kg6 d4 48. Kf6 d3 49. Kxe6 d2 50. Kf7 d1=Q 51. e6 Qf3+ 52. Ke8 Kc5 53. e7 Kd6 54.
Kd8 Qa8# 0-1

[Event "Late-Titled-Tuesday-Blitz-June-04-2024"]
[Site "Chess.com"]
[Date "2024.06.04"]
[Round "6"]
[White "merinasian"]
[Black "norwaytoadog"]
[Result "1-0"]
[WhiteElo "2489"]
[BlackElo "2333"]
[TimeControl "180+1"]
[EndTime "15:06:05 PDT"]
[Termination "merinasian won on time"]

1. d4 d5 2. Nf3 Nf6 3. c4 e6 4. e3 c6 5. Nbd2 Be7 6. Bd3 O-O 7. O-O c5 8. dxc5 Bxc5 9. a3 Nc6 10. b4 Bd6 11. Bb2 a6 12. Qe2 Qe7 13. Rfd1 b6 14. e4 Nh5 15. exd5 exd5 16. cxd5 Nf4 17. Qxe7 Nxe7 18.
Nc4 Nxd3 19. Rxd3 Nf5 20. Nxd6 Nxd6 21. Rc1 Bf5 22. Rd2 b5 23. Nd4 Bd7 24. Nc6 Nc4 25. Re2 Rfe8 26. Rxe8+ Rxe8 27. Bd4 Bxc6 28. dxc6 Rc8 29.
Re1 f6 30. Re7 Rxc6 31. g4 Kf8 32. Ra7 Re6 33. g5 Re4 34. Bc5+ Kg8 35. gxf6 gxf6 36.
Rxa6 Kf7 37. Ra7+ Kg6 38. Kg2 h5 39. Ra8 Kf5 40. Rb8 h4 41. Rxb5 Kf4 42. Rb8 f5 43.
Rh8 1-0